 Dungeon Crawl Stone Soup version 0.19.1 (webtiles) character file.

8332 Mefis the Thaumaturge (level 11, -2/54 HPs)
             Began as a Deep Elf Wizard on Dec 10, 2016.
             Was a Priest of Sif Muna.
             Slain by a hill giant
             ... wielding a +0 giant club
              (7 damage)
             ... on level 10 of the Dungeon on Dec 12, 2016.
             The game lasted 00:41:21 (11726 turns).

Mefis the Thaumaturge (Deep Elf Wizard)            Turns: 11726, Time: 00:41:21

Health: -2/54      AC: 12    Str:  4    XL:     11   Next: 8%
Magic:  19/37      EV: 16    Int: 27    God:    Sif Muna [***...]
Gold:   302        SH:  0    Dex: 13    Spells: 12 memorised, 2 levels left

rFire  . . .     SeeInvis .     a - +4 trident "Beetlebane" {freeze, MP+9}
rCold  + . .     Gourm    .     Z - +2 robe {rC+}
rNeg   . . .     Faith    .     (no shield)
rPois  .         Spirit   .     v - +0 hat
rElec  .         Reflect  .     w - +0 cloak
rCorr  .         Harm     .     M - +0 pair of gloves
MR     ++...                    e - +0 pair of boots
Stlth  ++++......               G - amulet of regeneration
                                P - +5 ring of protection
                                H - ring of protection from magic

@: repel missiles
A: no striking features
a: Divine Energy, Channel Magic, Renounce Religion


You were on level 10 of the Dungeon.
You worshipped Sif Muna.
Sif Muna was most pleased with you.
You were near starving.

You visited 2 branches of the dungeon, and saw 11 of its levels.

You collected 755 gold pieces.
You spent 453 gold pieces at shops.

Inventory:

Hand Weapons
 a - the +4 trident "Beetlebane" (weapon) {freeze, MP+9}
   (You bought it in a shop on level 4 of the Dungeon)

   It has been specially enchanted to freeze those struck by it, causing extra
   injury to most foes and up to half again as much damage against particularly
   susceptible opponents.
   It can also slow down cold-blooded creatures.
   It affects your magic capacity (+9).
 b - a +0 hunting sling
 m - a +0 dagger
 u - a +2 dagger of speed
Missiles
 o - 27 poisoned needles
 E - 19 sling bullets
 R - 6 needles of sleeping
Armour
 e - a +0 pair of boots (worn)
 v - a +0 hat (worn)
 w - a +0 cloak (worn)
 L - a +0 robe of fire resistance
 M - a +0 pair of gloves (worn)
 Z - a +2 robe of cold resistance (worn)
Jewellery
 G - an amulet of regeneration (around neck)
 H - a ring of protection from magic (left hand)
 P - a +5 ring of protection (right hand)
Wands
 W - a wand of disintegration (0/24)
Scrolls
 n - 2 scrolls of remove curse
 q - 7 scrolls of teleportation
 t - 3 scrolls of blinking
 D - 5 scrolls of noise
 F - a scroll of immolation {unknown}
 I - 4 scrolls of amnesia
 K - 3 scrolls of recharging
 N - a scroll of magic mapping {unknown}
 O - a scroll of fear {unknown}
 Q - a scroll of enchant armour {unknown}
 X - a scroll of fog {unknown}
Potions
 h - 2 potions of resistance {unknown}
 i - 2 potions of might {unknown}
 j - 3 potions of heal wounds
 k - 3 potions of flight
 l - a potion of berserk rage {unknown}
 p - 7 potions of curing
 s - a potion of invisibility {unknown}
 x - 3 potions of agility
 U - 2 potions of magic {unknown}
 V - a potion of brilliance
Books
 c - a book of Minor Magic

   Spells                             Type                      Level
   a - Magic Dart                     Conjuration                  1
   b - Blink                          Translocation                2
   c - Call Imp                       Summoning                    2
   d - Repel Missiles                 Charms/Air                   2
   e - Slow                           Hexes                        2
   f - Conjure Flame                  Conjuration/Fire             3
   g - Mephitic Cloud                 Conjuration/Poison/Air       3
 J - a book of Maledictions

   Spells                             Type                      Level
   a - Corona                         Hexes                        1
   b - Ensorcelled Hibernation        Hexes/Ice                    2
   c - Confuse                        Hexes                        3
   d - Tukima's Dance                 Hexes                        3
   e - Dazzling Spray                 Conjuration/Hexes            3
 T - a book of Necromancy

   Spells                             Type                      Level
   a - Pain                           Necromancy                   1
   b - Animate Skeleton               Necromancy                   1
   c - Vampiric Draining              Necromancy                   3
   d - Regeneration                   Charms/Necromancy            3
   e - Animate Dead                   Necromancy                   4
   f - Control Undead                 Necromancy                   4
Miscellaneous
 r - a fan of gales
Comestibles
 d - 7 bread rations
 f - 2 beef jerkies
 g - 12 slices of pizza
 A - 6 fruits
 B - 2 meat rations


   Skills:
 + Level 7.3 Dodging
 + Level 8.0 Stealth
 * Level 11.3 Spellcasting
 - Level 5.6 Conjurations
 + Level 6.7 Hexes
 - Level 4.5 Summonings
 * Level 6.1 Necromancy
 - Level 4.3 Translocations
 - Level 3.5 Ice Magic
 - Level 4.2 Air Magic
 - Level 4.2 Poison Magic


You had 2 spell levels left.
You knew the following spells:

 Your Spells              Type           Power        Failure   Level  Hunger
a - Magic Dart            Conj           ####         1%          1    None
b - Call Imp              Summ           #####...     1%          2    None
c - Blink                 Tloc           N/A          1%          2    None
d - Repel Missiles        Chrm/Air       ####..       2%          2    None
e - Mephitic Cloud        Conj/Pois/Air  #####...     1%          3    None
f - Conjure Flame         Conj/Fire      ####....     3%          3    None
g - Slow                  Hex            ######..     1%          2    None
h - Ensorcelled Hibernat  Hex/Ice        #####.       1%          2    None
j - Tukima's Dance        Hex            ######..     1%          3    None
m - Animate Dead          Necr           N/A          3%          4    None
p - Regeneration          Chrm/Necr      ####......   3%          3    None
s - Dazzling Spray        Conj/Hex       #####.       1%          3    None


Dungeon Overview and Level Annotations

Branches:
Dungeon (10/15)            Temple (1/1) D:7            Lair (0/6) D:9
    Orc: D:9-12

Altars:
Ashenzari
Cheibriados
Dithmenos
Elyvilon
Fedhas
Gozag
Hepliaklqana
Kikubaaqudgha
Makhleb
Nemelex Xobeh
Okawaru
Qazlal
Ru
Sif Muna
Trog
Uskayaw
Vehumet
Xom
Yredelemnul
Zin
The Shining One

Shops:
D:4 (%   D:10 !


Message History

Evoking this partially-identified wand wasted a few charges.
The hill giant is engulfed in noxious fumes.
The hill giant appears confused.
The hill giant laughs crazily.
Evoke which item? (* to show all) (? for menu, Esc to quit)
Zapping:
W - a wand of disintegration {zapped: 10} (will waste charges)
Press: ? - help, Shift-Dir - straight line, f/p - hill giant
Aim: a hill giant, wielding a giant club (noxious fumes, heavily wounded, confused, chance to defeat MR: 48%)
The hill giant resists with some effort.
Evoking this partially-identified wand wasted a few charges.
The hill giant is engulfed in noxious fumes.
Attack whom?
Press: ? - help, Dir - move target cursor, f/p - hill giant
Aim: a hill giant, wielding a giant club (noxious fumes, heavily wounded, confused)
You reach to attack!
You barely miss the hill giant.
The hill giant is heavily wounded.
The hill giant is engulfed in noxious fumes.
The hill giant mumbles something.
The hill giant hits you with a giant club!
You die...

##..#######.....# #.#
................####.####
.#..##.###.#+#..#.......##
.#..##.# #.'∩+..#.......>#
.......# ###'#.##..#.##..#
...##..# #...##..#..#..#
.#C##..# ######..##.#..#
....<..# ##..##.#..#
.......#########@#.......#
##.##.((()[.§§§C###.#.####
##.###########§## ##..#
...# #.## ##.# .... ##.##
##.## ..## ##.###.## ..
##.#.## .. ##.## .# ###


You could see a hill giant (confused).

Vanquished Creatures
  The ghost of shugdite the Carver, a novice MiFi of Okawaru (D:8)
  2 hill giants (D:10)
  A cyclops (D:10)
  A komodo dragon (D:10)
  2 trolls
  A two-headed ogre (D:6)
  A hippogriff (D:7)
  A spriggan (D:9)
  A yak (D:10)
  Sigmund (D:5)
  A wyvern (D:9)
  Duvessa (D:5)
  7 orc warriors
  3 ice beasts
  An eye of draining (D:9)
  3 phantoms
  A sky beast (D:9)
  3 ogres (D:9)
  5 wolves
  6 centaurs
  2 big kobolds
  A crocodile (D:9)
  4 bullfrogs
  A water moccasin skeleton (D:6)
  5 killer bees (D:8)
  6 wights
  An electric eel (D:9)
  9 crimson imps
  A bullfrog zombie (D:10)
  4 hounds
  A quasit (D:9)
  5 orc priests
  2 bullfrog skeletons
  4 jellies
  7 orc wizards
  4 worker ants
  A worker ant zombie (D:10)
  4 gnolls
  9 adders
  A howler monkey skeleton (D:4)
  An adder zombie (D:6)
  3 adder skeletons
  A worm (D:2)
  3 dart slugs
  5 leopard geckos
  33 orcs
  3 giant cockroaches
  8 goblins
  9 hobgoblins
  18 jackals
  18 kobolds
  4 quokkas
  3 ball pythons
  10 bats
  9 frilled lizards
  A quokka skeleton (D:4)
  8 rats
252 creatures vanquished.

Vanquished Creatures (collateral kills)
  Dowan (D:5)
  A killer bee (D:8)
  A wight (D:9)
  A gnoll (D:1)
  A leopard gecko (D:9)
  2 orcs
7 creatures vanquished.

Vanquished Creatures (others)
  A bullfrog (D:9)
  An orc (D:9)
2 creatures vanquished.

Grand Total: 261 creatures vanquished

Notes
Turn   | Place    | Note
-------+----------+-------------------------------------------
     0 | D:1      | Mefis the Deep Elf Wizard began the quest for the Orb.
     0 | D:1      | Reached XP level 1. HP: 10/10 MP: 7/7
   362 | D:1      | Reached XP level 2. HP: 15/15 MP: 6/9
   366 | D:1      | Learned a level 2 spell: Call Imp
   369 | D:1      | Learned a level 2 spell: Blink
   372 | D:1      | Learned a level 2 spell: Repel Missiles
  1036 | D:1      | Reached skill level 5 in Spellcasting
  1252 | D:1      | Reached XP level 3. HP: 19/19 MP: 9/11
  1257 | D:1      | Learned a level 3 spell: Mephitic Cloud
  1915 | D:2      | Reached XP level 4. HP: 24/24 MP: 5/13
  1920 | D:2      | Learned a level 3 spell: Conjure Flame
  2447 | D:2      | Reached skill level 1 in Air Magic
  2844 | D:3      | Found a sparkling altar of Nemelex Xobeh.
  2946 | D:3      | Reached XP level 5. HP: 28/28 MP: 4/15
  2951 | D:3      | Learned a level 2 spell: Slow
  3653 | D:4      | Found Jallecenk's Weapon Shoppe.
  3768 | D:4      | Bought the +4 trident "Beetlebane" {freeze, MP+9} for 333 gold pieces
  3861 | D:4      | Reached skill level 1 in Hexes
  4017 | D:4      | Found a shattered altar of Ashenzari.
  4021 | D:4      | Found a sacrificial altar of Ru.
  4060 | D:4      | Found Botukyops's Food Boutique.
  4153 | D:4      | Found Gemolome's Magic Scroll Shoppe.
  4374 | D:5      | Entered Level 5 of the Dungeon
  4418 | D:5      | Reached skill level 1 in Poison Magic
  4418 | D:5      | Reached XP level 6. HP: 26/32 MP: 7/16
  4452 | D:5      | Reached skill level 6 in Spellcasting
  4597 | D:5      | Noticed Duvessa
  4597 | D:5      | Noticed Dowan
  4611 | D:5      | Killed Dowan
  4649 | D:5      | Killed Duvessa
  4795 | D:5      | Reached XP level 7. HP: 36/36 MP: 18/18
  4799 | D:5      | Learned a level 2 spell: Ensorcelled Hibernation
  5184 | D:5      | Noticed Sigmund
  5195 | D:5      | Killed Sigmund
  5615 | D:6      | Reached skill level 1 in Ice Magic
  5759 | D:6      | Reached XP level 8. HP: 41/41 MP: 20/20
  5764 | D:6      | Learned a level 3 spell: Tukima's Dance
  5870 | D:6      | You fall through a shaft for 3 floors!
  5870 | D:9      | Found a staircase to the Lair.
  5873 | D:9      | Noticed a troll
  5985 | D:10     | Entered Level 10 of the Dungeon
  6213 | D:10     | Reached skill level 7 in Spellcasting
  6239 | D:10     | Noticed a troll
  6390 | D:9      | HP: 1/41 [wight/enchanted mace (6)]
  6504 | D:8      | Reached skill level 5 in Stealth
  6540 | D:7      | Found a stormy altar of Qazlal.
  6767 | D:6      | Reached skill level 8 in Spellcasting
  6942 | D:6      | Reached skill level 5 in Dodging
  7006 | D:6      | Reached XP level 9. HP: 45/45 MP: 23/23
  7353 | D:6      | Reached skill level 5 in Conjurations
  7608 | D:7      | Found a staircase to the Ecumenical Temple.
  7633 | Temple   | Entered the Ecumenical Temple
  7674 | Temple   | Became a worshipper of Sif Muna the Loreminder
  7914 | D:7      | Found a shimmering altar of Xom.
  7927 | D:7      | Found a burning altar of Makhleb.
  7927 | D:7      | Found a shadowy altar of Dithmenos.
  7932 | D:7      | Found a basalt altar of Yredelemnul.
  7932 | D:7      | Found a sacrificial altar of Ru.
  7932 | D:7      | Found a shadowy altar of Dithmenos.
  8306 | D:7      | Learned a level 3 spell: Dazzling Spray
  8437 | D:8      | Noticed shugdite's ghost (novice MiFi)
  8449 | D:8      | Killed shugdite's ghost
  8449 | D:8      | Reached * piety under Sif Muna
  8449 | D:8      | Reached skill level 9 in Spellcasting
  8953 | D:8      | Learned a level 3 spell: Regeneration
  9083 | D:10     | Found Putres's Distillery.
  9087 | D:10     | Bought a potion of agility for 60 gold pieces
  9087 | D:10     | Bought a potion of brilliance for 60 gold pieces
  9199 | D:10     | Reached skill level 1 in Necromancy
  9226 | D:10     | Killed a troll
  9226 | D:10     | Reached skill level 5 in Hexes
  9226 | D:10     | Reached XP level 10. HP: 45/50 MP: 14/25
  9520 | D:10     | Noticed a hill giant
  9533 | D:10     | Killed a hill giant
  9557 | D:10     | Noticed a hill giant
  9568 | D:10     | Noticed a cyclops
  9765 | D:9      | Reached ** piety under Sif Muna
  9765 | D:9      | Reached skill level 10 in Spellcasting
 10763 | D:9      | Reached skill level 5 in Necromancy
 11148 | D:9      | Reached skill level 11 in Spellcasting
 11253 | D:10     | Killed a cyclops
 11259 | D:10     | Learned a level 4 spell: Animate Dead
 11408 | D:10     | Noticed a hill giant
 11427 | D:10     | Killed a hill giant
 11427 | D:10     | Reached *** piety under Sif Muna
 11427 | D:10     | Reached XP level 11. HP: 51/54 MP: 6/28
 11721 | D:10     | HP: 2/54 [hill giant/giant club (32)]
 11726 | D:10     | Slain by a hill giant

Skill      XL: |  1  2  3  4  5  6  7  8  9 10 11 |
---------------+----------------------------------+-----
Spellcasting   | 5 6 8 9 11 | 11.3
Conjurations   | 2 3 4 5 |  5.6
Dodging        | 3 4 5 6 7 |  7.3
Air Magic      | 1 2 3 4 |  4.2
Hexes          | 1 2 3 5 6 |  6.7
Stealth        | 3 4 5 6 7 8 |  8.0
Poison Magic   | 1 2 3 4 |  4.2
Translocations | 2 3 4 |  4.3
Summonings     | 2 3 4 |  4.5
Ice Magic      | 1 2 3 |  3.5
Necromancy     | 1 5 6 |  6.1

Action                   |  1- 3 |  4- 6 |  7- 9 | 10-12 || total
-------------------------+-------+-------+-------+-------++-------
Melee: Dagger            |       |     1 |       |       ||     1
       Trident           |       |    21 |    61 |    43 ||   125
 Fire: Hunting sling     |       |       |       |     7 ||     7
 Cast: Magic Dart        |    86 |   175 |   346 |   357 ||   964
       Call Imp          |     2 |     4 |     3 |       ||     9
       Repel Missiles    |     1 |     1 |     2 |     1 ||     5
       Blink             |     1 |     3 |     5 |     4 ||    13
       Mephitic Cloud    |       |     5 |    27 |    20 ||    52
       Conjure Flame     |       |       |    14 |    10 ||    24
       Dazzling Spray    |       |       |     2 |       ||     2
       Regeneration      |       |       |       |     2 ||     2
       Animate Dead      |       |       |       |     1 ||     1
Evoke: Box of beasts     |       |       |     3 |       ||     3
       Fan of gales      |       |       |     1 |       ||     1
       Wand              |       |       |     9 |     6 ||    15
  Use: Scroll            |       |       |     9 |     2 ||    11
       Potion            |       |       |     2 |       ||     2
 Stab: Sleeping          |       |     1 |       |       ||     1
       Confused          |       |     2 |     3 |     2 ||     7
  Eat: Chunk             |     3 |     9 |    13 |     6 ||    31
Armor: Robe              |     4 |    12 |    44 |    34 ||    94
Dodge: Dodged            |     8 |    41 |   127 |   142 ||   318
       Deflected         |     1 |     1 |    10 |    12 ||    24
